 Dungeon Crawl Stone Soup version 0.30-a0-134-gb40fab5c76 (webtiles) character file.

Game seed: 5163395022544084286

233 NinjaNoafa the Conjurer (level 5, 0/57 HPs)
             Began as a Draconian Conjurer on Sept 19, 2022.
             Was an Initiate of Fedhas.
             Slain by a black bear (2 damage)
             ... on level 5 of the Dungeon.
             The game lasted 00:12:19 (3475 turns).

NinjaNoafa the Conjurer (Draconian Conjurer)        Turns: 3475, Time: 00:12:19

Health: 0/57       AC: 22    Str:  9    XL:     5   Next: 74%
Magic:  8/9        EV:  2    Int: 23    God:    Fedhas [......]
Gold:   199        SH:  0    Dex:  9    Spells: 7/10 levels left

rFire   . . .      SeeInvis .    e - +4 dagger
rCold   + . .      Faith    .    (no shield)
rNeg    . . .      Spirit   .    (body armour unavailable)
rPois   +          Reflect  .    (helmet currently unavailable)
rElec   .          Harm     .    (cloak currently unavailable)
rCorr   +          Rampage  .    (gloves currently unavailable)
Will    .....      NoTele   +    (boots currently unavailable)
Stlth   ++........               l - amulet of magic regeneration
HPRegen 0.19/turn                r - ring of poison resistance
MPRegen 0.51/turn                D - ring "Viggoi" {Drain rC+ rCorr Int+2 Slay+3}

@: brilliant, tree-form, invisible
A: stationary, stasis, torment immunity, boosted hp, AC +5, unfitting armour,
(cold-blooded)
a: Renounce Religion


You were on level 5 of the Dungeon.
You worshipped Fedhas.
Fedhas was noncommittal.
You were a tree.
You visited 2 branches of the dungeon, and saw 6 of its levels.

You collected 199 gold pieces.

Inventory:

Hand Weapons
 e - a +4 dagger (weapon)
Missiles
 b - 5 javelins
 f - 42 stones
 j - 3 atropa-tipped darts
 v - 8 poisoned darts
Armour
 q - a +2 cloak of stealth (melded)
Magical Staves
 C - a staff of cold
Jewellery
 l - an amulet of magic regeneration (around neck)
 r - a ring of poison resistance (left branch)
 D - the ring "Viggoi" (right branch) {Drain rC+ rCorr Int+2 Slay+3}
   (You took it off an orc on level 4 of the Dungeon)

   [ring of resist corrosion]

   Int:       It affects your intelligence (+2).
   Slay:      It affects your accuracy & damage with ranged weapons and melee
   (+3).
   rC:        It protects you from cold.
   rCorr:     It protects you from acid and corrosion.
   Drain:     It drains your maximum health when unequipped.
Wands
 z - a wand of charming (10)
Scrolls
 d - a scroll of teleportation
 h - a scroll of poison {unknown}
 k - 2 scrolls of noise {unknown}
 o - a scroll of acquirement {unknown}
 p - 2 scrolls of brand weapon {unknown}
 t - a scroll of enchant weapon {unknown}
 u - a scroll of amnesia {unknown}
 y - a scroll of identify {unknown}
 B - a scroll of fear {unknown}
Potions
 a - 2 potions of magic
 m - a potion of haste {unknown}
 n - a potion of heal wounds {unknown}
 w - a potion of lignification
 x - a potion of cancellation {unknown}
 A - a potion of degeneration {unknown}


   Skills:
 - Level 1.7 Dodging
 - Level 1.7 Stealth
 - Level 3.0 Spellcasting
 + Level 5.5 Conjurations
 - Level 3.0 Hexes


You had 7 spell levels left.
You knew the following spells:

 Your Spells              Type           Power      Damage    Failure   Level
a - Magic Dart            Conj           100%       1d8       1%          1
b - Searing Ray           Conj           86%        2d7       1%          2

Your spell library contained the following spells:

 Spells                   Type           Power      Damage    Failure   Level
 Dazzling Flash           Conj/Hex       68%        N/A       6%          3
 Portal Projectile        Hex/Tloc       30%        N/A       19%         3
 Fulminant Prism          Conj/Hex       17%        3d11      21%         4
 Call Canine Familiar     Summ           5%         N/A       34%         3
 Iskenderun's Mystic Bla  Conj/Tloc      24%        2d7       36%         4
 Leda's Liquefaction      Hex/Erth       7%         N/A       52%         4


Dungeon Overview and Level Annotations

Branches:
Dungeon (5/15)             Temple (1/1) D:4

Altars:
Ashenzari
Dithmenos
Elyvilon
Fedhas
Gozag
Kikubaaqudgha
Makhleb
Okawaru
Xom
Yredelemnul
Zin
The Shining One

Annotations:
D:5 Menkaure


Innate Abilities, Weirdness & Mutations

You are a tree.
Your roots penetrate the ground, keeping you stationary.
You cannot be teleported.
You are immune to unholy pain and torment.
Your maximum health is greatly increased.
Your equipment is partially melded.
((Your plain brown scales are hard. (AC +5)))
You cannot fit into any form of body armour.
((You are cold-blooded and may be slowed by cold attacks.))


Message History

The black bear claws you but does no damage. x2
It was a potion of curing.
You feel better.
The black bear bites you but does no damage.
The black bear closely misses you. The black bear claws you.
You feel better.
The black bear bites you but does no damage.
The black bear closely misses you. x2
The black bear bites you but does no damage.
The black bear claws you. The black bear barely misses you.
It was a potion of brilliance.
You feel clever all of a sudden. The black bear closely misses you.
The black bear claws you.
The black bear claws you but does no damage.
As you read the scroll labelled SEIHUI PUIPLEFE, it crumbles to dust.
You feel strangely unstable.
It was a scroll of teleportation.
The black bear barely misses you. The black bear claws you. x2
The black bear bites you!
* * * LOW HITPOINT WARNING * * *
The black bear barely misses you.
The black bear claws you but does no damage.
It was a potion of lignification.
You turn into a tree.
Your +2 cloak of stealth melds into your body.
You feel less stealthy.
Your roots penetrate the ground.
You feel strangely stable.
The black bear bites you but does no damage.
The black bear claws you but does no damage. x2
You cannot move.
The black bear bites you.
* * * LOW HITPOINT WARNING * * *
The black bear claws you but does no damage. x2
Menkaure casts a spell.
Menkaure seems to speed up.
The black bear bites you.
* * * LOW HITPOINT WARNING * * *
The black bear claws you but does no damage. x2
It was a potion of invisibility.
You fade into invisibility!
The black bear bites you but does no damage.
The black bear claws you.
You die...
Fedhas appreciates your contribution to the ecosystem.

#..<.......
#........##
#..........
#..........
#..........
##..........
#†..........
#...#.......
#.♣.#....##
##h##.#### #M#
.......>...#
#...M..........
#...###........
#.. ##.......
#. ##..... #
.....


You could see a black bear (berserk, unable to see you) and Menkaure (fast).

Vanquished Creatures
  A scorpion (D:4)
  2 hounds (D:4)
  4 adders
  A worm (D:4)
  3 dart slugs
  3 orcs
  6 endoplasms
  2 giant cockroaches
  4 goblins
  5 hobgoblins
  4 jackals (D:1)
  4 quokkas
  5 ball pythons
  7 bats
  5 frilled lizards (D:1)
  7 kobolds
  3 rats
66 creatures vanquished.

Vanquished Creatures (collateral kills)
  An endoplasm (D:2)
  A giant cockroach (D:2)
  A goblin (D:2)
3 creatures vanquished.

Vanquished Creatures (others)
  3 plants (Temple)
3 creatures vanquished.

Grand Total: 72 creatures vanquished

Notes
Turn   | Place    | Note
-------+----------+-------------------------------------------
     0 | D:1      | NinjaNoafa the Draconian Conjurer began the quest for the
                  | Orb.
     0 | D:1      | Reached XP level 1. HP: 14/14 MP: 3/3
   277 | D:1      | Reached XP level 2. HP: 20/20 MP: 0/5
   416 | D:1      | Reached skill level 1 in Hexes
   815 | D:1      | Reached XP level 3. HP: 26/26 MP: 3/6
  1125 | D:2      | Learned a level 2 spell: Searing Ray
  1809 | D:3      | Found a faded altar of an unknown god.
  1827 | D:3      | Found a glowing golden altar of the Shining One.
  2091 | D:3      | Reached XP level 4. HP: 33/33 MP: 4/8
  2097 | D:3      | Became a worshipper of the Shining One
  2662 | D:4      | Found a staircase to the Ecumenical Temple.
  2671 | Temple   | Entered the Ecumenical Temple
  2873 | Temple   | Fell from the grace of the Shining One
  2873 | Temple   | Became a worshipper of Fedhas Madash
  3012 | D:4      | Noticed a scorpion
  3019 | D:4      | Killed a scorpion
  3020 | D:4      | Reached skill level 5 in Conjurations
  3020 | D:4      | Reached XP level 5. HP: 37/38 MP: 9/9
  3070 | D:4      | Found a burning altar of Makhleb.
  3212 | D:4      | Identified the ring "Viggoi" {Drain rC+ rCorr Int+2 Slay+3}
  3445 | D:5      | Entered Level 5 of the Dungeon
  3457 | D:5      | Noticed a black bear
  3460 | D:5      | Noticed Menkaure
  3474 | D:5      | HP: 2/57 [black bear (3)]
  3475 | D:5      | Slain by a black bear

Illustrated notes

Levels and vault maps discovered:
D:1:      tarquinn_simple_flora_water_b, layout_basic
D:2:      layout_rooms
D:3:      layout_basic, old_standard_altar,
          chequers_ecumenical_altar_simple_redux, solitary_fountain
D:4:      layout_basic, makhleb_heckhound_becter,
          minmay_temple_entry_glassed_door
D:5:      layout_basic, slow_altar_2, nicolae_shop_unique_rings, uniq_menkaure
Temple:   cyrus_temple_forest

Skill      XL: |  1  2  3  4  5 |
---------------+----------------+-----
Hexes          | 1 2 3 |  3.0
Spellcasting   | 3 |  3.0
Conjurations   | 5 |  5.5
Dodging        | |  1.7
Stealth        | |  1.7

Action                   |  1- 3 |  4- 6 || total
-------------------------+-------+-------++-------
Melee: Dagger            |    11 |    10 ||    21
       Tailslap          |     1 |     1 ||     2
 Cast: Magic Dart        |    61 |    35 ||    96
       Searing Ray       |     8 |     5 ||    13
  Use: Scroll            |     1 |     1 ||     2
       Potion            |       |     6 ||     6
 Stab: Sleeping          |       |     1 ||     1
Armor: Skin              |     8 |    21 ||    29
Dodge: Dodged            |    23 |    16 ||    39

Table legend: (Time is in decaauts)
 A = Elapsed time spent in this place.
 B = Non-inter-level travel time spent in this place.
 C = Inter-level travel time spent in this place.
 D = Time resting spent in this place.
 E = Time spent auto-exploring this place.
 F = Levels seen in this place.
 G = Mean time per level.
                   A        B        C        D        E       F      G
               +--------+--------+--------+--------+--------+-----+--------+
         Total |   3471 |   3317 |    154 |      0 |   2684 |   6 |  578.5 |
       Dungeon |   3246 |   3114 |    132 |      0 |   2638 |   5 |  649.2 |
        Temple |    224 |    202 |     22 |      0 |     46 |   1 |  224.0 |
               +--------+--------+--------+--------+--------+-----+--------+

Top non-repeatable levels by time:
     D:1: 1108 daAuts
     D:3: 935 daAuts
     D:4: 728 daAuts
     D:2: 444 daAuts
  Temple: 224 daAuts
     D:5: 29 daAuts
